 Dungeon Crawl Stone Soup version 0.27.0-1-g7a089689b8 (webtiles) character file.

Game seed: 472511464503911314

24 freelancePsychic the Charlatan (level 3, -2/28 HPs)
             Began as a Djinni Artificer on Aug 13, 2021.
             Slain by an ufetubus (3 damage)
             ... on level 2 of the Dungeon.
             The game lasted 00:01:38 (1218 turns).

freelancePsychic the Charlatan (Djinni Artificer)   Turns: 1218, Time: 00:01:38

Health: -2/28      AC:  3    Str: 11    XL:     3   Next: 15%
Gold:   56         EV:  8    Int: 13    God:
                   SH:  0    Dex: 13

rFire    + + .     SeeInvis .   h - +0 rapier
rCold    x . .     Faith    .   (no shield)
rNeg     . . .     Spirit   .   b - +0 leather armour
rPois    ∞         Reflect  .   (no helmet)
rElec    .         Harm     .   (no cloak)
rCorr    .         Rampage  .   (no gloves)
Will     .....                  (boots unavailable)
Stlth    +.........             (no amulet)
HPRegen  0.09/turn              (no ring)
MPRegen  0.00/turn              (no ring)

@: flying, constricted
A: sickness immunity, fire resistance 2, cold vulnerability 1, float, innate
caster, hp casting, extra vitality 1
a: no special abilities


You were on level 2 of the Dungeon.
You visited 1 branch of the dungeon, and saw 2 of its levels.

You collected 56 gold pieces.

Inventory:

Hand Weapons
 a - a +0 club
 h - a +0 rapier (weapon)
Armour
 b - a +0 leather armour (worn)
Wands
 c - a wand of flame (8)
 d - a wand of charming (15)
Scrolls
 f - a scroll of identify {unknown}
 g - 2 scrolls of enchant weapon {unknown}
 i - a scroll of fog {unknown}
 m - a scroll of enchant armour {unknown}
 n - a scroll of torment {unknown}
Potions
 j - a potion of lignification {unknown}
 k - a potion of haste {unknown}
 l - a potion of brilliance {unknown}
Miscellaneous
 e - a piece from Xom's chessboard (15/15)


   Skills:
 + Level 2.0 Fighting
 - Level 0.3 Short Blades
 - Level 1.0 Armour
 - Level 2.1 Dodging
 - Level 0.7 Stealth
 * Level 1.1 Spellcasting
 - Level 3.0 Evocations


You had 3 spell levels left.
You knew the following spells:

 Your Spells              Type           Power      Damage    Failure   Level
a - Pain                  Necr           12%        1d4       24%         1
Your spell library was empty.

Dungeon Overview and Level Annotations

Branches:
Dungeon (2/15)

Altars:


Innate Abilities, Weirdness & Mutations

You are immune to sickness and miasma.
You are immune to poison.
Your flesh is very heat resistant. (rF++)
You are vulnerable to cold. (rC-)
You float through the air rather than walking.
You learn spells naturally, not from books.
Your magical power is your life essence.
You have superior vitality. (+4 HP)


Message History

You closely miss the ufetubus.
The ufetubus hits you but does no damage.
The ufetubus hits you. x2; The ufetubus barely misses you.
You hit the ufetubus but do no damage. The ufetubus barely misses you.
The ufetubus closely misses you. The ufetubus hits you.
The ufetubus barely misses you.
You puncture the ufetubus!
The ufetubus is almost dead.
The ufetubus hits you. The ufetubus closely misses you.
The ball python barely misses you. The ball python misses you.
You miss the ufetubus.
The ufetubus is almost dead.
The ufetubus hits you but does no damage. x2
The ufetubus barely misses you. The ufetubus hits you.
The ball python bites you but does no damage.
The ball python grabs you. The ball python constricts you.
You barely miss the ufetubus.
The ufetubus is almost dead.
The ufetubus hits you. The ufetubus closely misses you.
The ball python bites you. The ball python constricts you.
The ufetubus hits you.
* * * LOW HITPOINT WARNING * * *
The ufetubus hits you but does no damage.
You hit the ufetubus but do no damage.
The ufetubus is almost dead.
The ufetubus hits you.
* * * LOW HITPOINT WARNING * * *
The ufetubus hits you but does no damage.
The ball python bites you but does no damage.
The ball python constricts you. The ufetubus hits you.
* * * LOW HITPOINT WARNING * * *
The ufetubus hits you.
* * * LOW HITPOINT WARNING * * *
The ball python bites you but does no damage.
* * * LOW HITPOINT WARNING * * *
The ball python constricts you.
The ball python's grasp on you weakens, but your attempt to escape fails.
The ufetubus hits you but does no damage.
The ufetubus hits you.
You die...

#........# ###.[...)..#
##########
#.'........#####.......#.
#.#........##..r...##.##r
#.'.........+..w...)#.##'
###.......###.......#r...
#..:....# #####+#.#....
#.......# #...#.#..
######@##### #####.#..
#5S...# ..#<. #....##+#
###### #........
#)#.##..... # .. .......
### .....## ..(#.# ##.#.#


You could see an ufetubus and a ball python.

Vanquished Creatures
  A dart slug (D:1)
  3 ball pythons (D:1)
  2 endoplasms (D:1)
  3 giant cockroaches (D:1)
  A goblin (D:1)
  4 hobgoblins (D:1)
  4 kobolds
  A rat (D:1)
19 creatures vanquished.

Notes
Turn   | Place    | Note
-------+----------+-------------------------------------------
     0 | D:1      | freelancePsychic the Djinni Artificer began the quest for
                  | the Orb.
     0 | D:1      | Reached XP level 1. HP: 17/17 MP: 0/0
   173 | D:1      | Reached XP level 2. HP: 22/22 MP: 0/0
   525 | D:1      | Reached skill level 1 in Spellcasting
   686 | D:1      | Reached XP level 3. HP: 28/28 MP: 0/0
   686 | D:1      | Learned a level 1 spell: Pain
  1217 | D:2      | HP: 1/28 [ball python (1)]
  1218 | D:2      | Slain by an ufetubus

Illustrated notes

Levels and vault maps discovered:
D:1:      lemuel_arrival_broad_hall, layout_rooms
D:2:      layout_basic, uniq_terence

Skill      XL: |  1  2  3 |
---------------+----------+-----
Spellcasting   | 1 |  1.1
Fighting       | 2 |  2.0
Short Blades   | |  0.3
Armour         | |  1.0
Dodging        | |  2.1
Stealth        | |  0.7
Evocations     | |  3.0

Action                   || total
-------------------------++-------
Melee: Club              ||    15
       Rapier            ||    25
 Cast: Pain              ||    10
Evoke: Wand              ||     7
Armor: Leather armour    ||    20
Dodge: Dodged            ||    28
